 Dungeon Crawl Stone Soup version 0.28-a0-983-g1de4e0787c (webtiles) character file.

Game seed: 5190012842008646967

2149 Twinkles the Covert (level 9, -1/54 HPs)
             Began as a Vampire Brigand on Dec 2, 2021.
             Was a Follower of Uskayaw.
             Slain by an orc warrior (11 damage)
             ... on level 6 of the Dungeon on Dec 3, 2021.
             The game lasted 01:04:33 (10246 turns).

Twinkles the Covert (Vampire Brigand)              Turns: 10246, Time: 01:04:34

Health: -1/54      AC: 12    Str: 13 (14) XL:     9   Next: 9%
Magic:  11/11      EV: 13    Int: 13      God:    Uskayaw [*.....]
Gold:   263        SH:  0    Dex: 16      Spells: 8/8 levels left

rFire   . . .      SeeInvis +   a - +2 dagger (venom)
rCold   + + .      Faith    .   (no shield)
rNeg    + + +      Spirit   .   H - +0 ring mail
rPois   ∞          Reflect  .   t - +1 helmet
rElec   .          Harm     .   c - +0 cloak
rCorr   .          Rampage  .   r - +0 pair of gloves
Will    .....                   I - +2 pair of boots
Stlth   ++++++....              (no amulet)
HPRegen 0.00/turn               (no ring)
MPRegen 0.12/turn               (no ring)

@: bloodless, inhibited regen
A: bloodless, fangs 3, see invisible, vampiric 2
a: Bat Form, Revivify, Renounce Religion, Stomp


You were on level 6 of the Dungeon.
You worshipped Uskayaw.
Uskayaw was noncommittal.
You visited 2 branches of the dungeon, and saw 8 of its levels.
You also visited: Sewer and Ossuary.

You collected 263 gold pieces.

Inventory:

Hand Weapons
 a - a +2 dagger of venom (weapon)
 b - the +1 dagger of Nirchetye {elec, +Blink rPois Will-}
   (You took it off a kobold on level 6 of the Dungeon)

   It occasionally discharges a powerful burst of electricity upon striking a
   foe.
   rPois:     It protects you from poison.
   +Blink:    It lets you blink.
   Will:      It decreases your willpower.
 i - a +1 dagger of speed
 j - a +2 dagger
 B - a +2 short sword of speed
 E - a +0 hunting sling
 W - a +0 spear
Missiles
 e - 2 curare-tipped darts
 m - 15 sling bullets
 o - 6 javelins
 s - 156 stones
 M - a boomerang
 O - 23 poisoned darts (quivered)
 V - a throwing net
Armour
 c - a +0 cloak (worn)
 k - a +0 robe
 r - a +0 pair of gloves (worn)
 t - a +1 helmet (worn)
 u - a +1 pair of boots
 H - a +0 ring mail (worn)
 I - a +2 pair of boots (worn)
Jewellery
 G - a ring of ice
Wands
 d - a wand of digging (6)
 h - a wand of acid (13)
Scrolls
 f - 3 scrolls of noise
 g - a scroll of fog {unknown}
 l - a scroll of summoning {unknown}
 n - a scroll of enchant armour
 p - a scroll of magic mapping {unknown}
 q - a scroll of torment
 v - a scroll of vulnerability {unknown}
 y - a scroll of enchant weapon {unknown}
 D - 2 scrolls of blinking
 F - a scroll of amnesia
 K - 2 scrolls of immolation
 S - a scroll of fear {unknown}
 Y - 4 scrolls of teleportation
Potions
 w - 3 potions of brilliance
 x - a potion of ambrosia {unknown}
 z - a potion of haste {unknown}
 A - a potion of might {unknown}
 C - 4 potions of cancellation
 J - 2 potions of curing
 L - 2 potions of flight
 N - 3 potions of heal wounds
 P - a potion of attraction {unknown}
 Q - 3 potions of magic
 R - 2 potions of lignification {unknown}
 T - 2 potions of berserk rage
 U - 3 potions of mutation
 X - a potion of degeneration {unknown}


   Skills:
 + Level 5.1 Fighting
 + Level 6.3 Short Blades
 - Level 3.1 Throwing
 + Level 5.8 Dodging
 + Level 10.2 Stealth
 + Level 3.6 Invocations


You had 8 spell levels left.
You didn't know any spells.
Your spell library contained the following spells:

 Spells                   Type           Power      Damage    Failure   Level
 Foxfire                  Conj/Fire      0%         2x1d4     56%         1
 Slow                     Hex            0%         N/A       56%         1
 Static Discharge         Conj/Air       0%         N/A       71%         2
 Confusing Touch          Hex            0%         N/A       90%         3
 Conjure Flame            Conj/Fire      0%         6-21      90%         3
 Ignite Poison            Fire/Tmut/Pois 0%         N/A       90%         3
 Inner Flame              Hex/Fire       0%         N/A       90%         3
 Mephitic Cloud           Conj/Pois/Air  0%         N/A       90%         3
 Vampiric Draining        Necr           0%         2d6       90%         3
 Flame Wave               Conj/Fire      0%         2d4       100%        4
 Freezing Cloud           Conj/Ice/Air   0%         6-21      100%        5
 Lightning Bolt           Conj/Air       0%         1d11      100%        5
 Maxwell's Capacitive Co  Air            0%         ∞         100%        8


Dungeon Overview and Level Annotations

Branches:
Dungeon (7/15)             Temple (1/1) D:4           Sewer (visited)
Ossuary (visited)

Altars:
Ashenzari
Cheibriados
Dithmenos
Elyvilon
Fedhas
Gozag
Hepliaklqana
Kikubaaqudgha
Okawaru
Qazlal
Ru
Sif Muna
Uskayaw
Vehumet
Wu Jian
Xom
Zin
The Shining One

Annotations:
D:4 1 runed translucent door, ders's ghost, amateur GrEE
D:5 Grinder
D:6 exclusion: downstairs
D:7 Joseph


Innate Abilities, Weirdness & Mutations

You do not regenerate when monsters are visible.
You are frail without blood (-20% HP).
You can heal yourself when you bite living creatures.
You are immune to poison.
You have razor-sharp teeth.
You have supernaturally acute eyesight. (SInv)
You are afflicted with vampirism and can become a bat while bloodless.


Message History

You hit the orc priest.
Lightning courses through the orc priest!
The orc priest is almost dead.
The orc warrior misses you.
You can now pass through a line of other dancers.
You barely miss the orc priest.
The orc priest is almost dead.
The orc priest closely misses you. The orc warrior closely misses you.
You closely miss the orc priest.
The orc priest is almost dead.
The orc warrior hits you with a +0 hand axe!
* * * LOW HITPOINT WARNING * * *
The orc priest begins to cast a cantrip, but forgets the words!
Aiming: Line Pass
Press: ? - help, Dir - move target The orc warrior appears confused.
You can no longer pass through a line of other dancers.
The orc warrior barely misses the orc priest.
The orc warrior hits you with a +0 hand axe!
* * * LOW HITPOINT WARNING * * *
The orc priest barely misses you.
You hit the orc priest.
Lightning courses through the orc priest!
You kill the orc priest!
The orc warrior seems less confused.
You feel much better.
The orc warrior hits you with a +0 hand axe!
* * * LOW HITPOINT WARNING * * *
There is a stone staircase leading up here.
The orc warrior hits you but does no damage.
You climb upwards.
Level annotation: exclusion: downstairs
There is a stone staircase leading down here.
The +1 dagger of Nirchetye {elec, +Blink rPois Will-} stops crackling.
Your +2 dagger of venom begins to drip with poison!
a - a +2 dagger of venom (weapon)
You hit the orc warrior but do no damage.
Your bite misses the orc warrior.
The orc warrior hits you with a +0 hand axe!
You die...

#.#.# #...# #.#.# #.#.# #.#.#
######## #.#.# #################
#......###.#.# #..............(.
#..........#.###.###........####
#.)...........o@................
#.......####.#######........####
##.......# #....................
.........# #########........####
.........# #....##...........#
..###.##.# #....##........##.#
### #.##.######....##........##.#
#####.##.....................##.#
#....>...........................


You could see an orc warrior.

Vanquished Creatures
  Pikel (D:5)
  Menkaure (D:6)
  2 water moccasins
  A black bear (D:6)
  2 ogres
  A lemure (D:5)
  2 kobold brigands
  2 scorpions
  2 hounds
  2 jellies
  A centaur skeleton (D:4)
  5 orc priests
  4 orc wizards (D:5)
  A killer bee zombie (D:4)
  A hound skeleton (D:4)
  2 mummies
  9 gnolls
  8 river rats (Sewer)
  8 adders
  An adder zombie (D:5)
  An adder skeleton (D:4)
  3 worms
  5 dart slugs
  15 orcs
  14 ball pythons
  5 endoplasms
  3 giant cockroaches
  12 gnoll zombies (Ossuary)
  2 goblins (D:1)
  4 hobgoblins
  6 jackals
  A quokka (D:3)
  5 bats
  5 bat simulacra (Ossuary)
  4 frilled lizards
  3 goblin simulacra (Ossuary)
  9 goblin zombies (Ossuary)
  4 hobgoblin zombies
  27 kobolds
  2 kobold simulacra (Ossuary)
  A kobold zombie (Ossuary)
  6 orc zombies (Ossuary)
  27 rats
  3 rat simulacra (Ossuary)
  A spectral goblin (Ossuary)
  2 spectral kobolds (Ossuary)
  3 spectral rats (Ossuary)
229 creatures vanquished.

Notes
Turn   | Place    | Note
-------+----------+-------------------------------------------
     0 | D:1      | Twinkles the Vampire Brigand began the quest for the Orb.
     0 | D:1      | Reached XP level 1. HP: 16/16 MP: 1/1
    44 | D:1      | Reached skill level 6 in Stealth
    44 | D:1      | Reached XP level 2. HP: 22/22 MP: 2/2
   464 | D:1      | Gained mutation: You are afflicted with vampirism and can
                  | become a bat while bloodless. [Vampire growth]
   464 | D:1      | Reached XP level 3. HP: 27/27 MP: 3/3
  1204 | D:2      | Reached XP level 4. HP: 20/34 MP: 4/4
  1609 | D:2      | Upgraded the game from 0.28-a0-973-ga7f8b01127 to
                  | 0.28-a0-983-g1de4e0787c
  2134 | D:3      | Found a faded altar of an unknown god.
  2300 | D:3      | Found a glowing drain.
  2307 | Sewer    | Entered a sewer
  2429 | Sewer    | Reached XP level 5. HP: 19/31 MP: 5/5
  2796 | Sewer    | Reached skill level 7 in Stealth
  3749 | Sewer    | Reached XP level 6. HP: 28/37 MP: 6/6
  4095 | D:3      | You fall into a shaft and drop 2 floors!
  4095 | D:5      | Entered Level 5 of the Dungeon
  4099 | D:5      | Noticed Grinder
  4268 | D:5      | Noticed a water moccasin
  4847 | D:4      | Found a staircase to the Ecumenical Temple.
  4893 | Temple   | Entered the Ecumenical Temple
  5077 | Temple   | Became a worshipper of Uskayaw the Reveller
  5124 | D:4      | Reached * piety under Uskayaw
  5228 | D:4      | Found a runed translucent door.
  5231 | D:4      | Noticed ders's ghost (amateur GrEE)
  5259 | D:4      | Reached XP level 7. HP: 32/41 MP: 7/7
  5489 | D:4      | Found a sacrificial altar of Ru.
  6337 | D:5      | Reached skill level 8 in Stealth
  6339 | D:5      | Reached ** piety under Uskayaw
  6343 | D:5      | Reached skill level 1 in Invocations
  6344 | D:5      | Reached *** piety under Uskayaw
  6353 | D:5      | Reached **** piety under Uskayaw
  6356 | D:5      | Reached ***** piety under Uskayaw
  7026 | D:5      | Reached skill level 5 in Short Blades
  7088 | D:6      | Noticed Pikel
  7101 | D:5      | HP: 12/43 [lemure[Pikel] (5)]
  7112 | D:5      | HP: 11/43 [Pikel (10)]
  7118 | D:5      | Killed Pikel
  7119 | D:5      | Reached skill level 5 in Dodging
  7119 | D:5      | Reached skill level 9 in Stealth
  7119 | D:5      | Reached XP level 8. HP: 41/48 MP: 8/10
  7123 | D:6      | HP: 14/48 [ogre (27)]
  7164 | D:6      | Noticed Menkaure
  7380 | D:6      | Found a sand-covered staircase.
  7423 | Ossuary  | Entered an ossuary
  8135 | Ossuary  | HP: 13/48 [mummy (8)]
  8674 | D:6      | Killed Menkaure
  9487 | D:6      | Identified the +1 dagger of Nirchetye {elec, +Blink rPois
                  | Will-}
  9524 | D:6      | Reached skill level 5 in Fighting
  9928 | D:7      | Reached skill level 10 in Stealth
  9994 | D:7      | Found a shimmering altar of Xom.
 10091 | D:7      | Reached XP level 9. HP: 53/54 MP: 11/11
 10130 | D:7      | Noticed Joseph
 10209 | D:7      | HP: 8/54 [orc warrior (11)]
 10210 | D:7      | HP: 1/54 [orc warrior (7)]
 10215 | D:7      | HP: 10/54 [orc warrior (7)]
 10246 | D:6      | Slain by an orc warrior

Illustrated notes

Levels and vault maps discovered:
D:1:      tarquinn_simple_flora_water_a, layout_basic
D:2:      layout_loops_ring
D:3:      layout_basic, portal_sewer_entry_e, basic_ecumenical_altar,
          moated_statue
D:4:      layout_basic, lemuel_tele_altar, minmay_temple_entry_mini_moons,
          ebering_ghost_sewer_d
D:5:      layout_basic, uniq_grinder
D:6:      layout_basic, nicolae_ossuary_entry_giza, uniq_menkaure, uniq_pikel
D:7:      layout_rooms, lemuel_doored_altar, uniq_joseph
Temple:   eino_temple_scatter_basement

Skill      XL: |  1  2  3  4  5  6  7  8 |
---------------+-------------------------+-----
Stealth        | 6 7 9 10 | 10.2
Fighting       | 2 3 4 5 |  5.1
Throwing       | 2 3 |  3.1
Dodging        | 2 3 5 |  5.8
Short Blades   | 3 4 5 6 |  6.3
Invocations    | 2 3 |  3.6

Action                   |  1- 3 |  4- 6 |  7- 9 || total
-------------------------+-------+-------+-------++-------
Melee: Dagger            |    53 |   278 |   337 ||   668
       Bite              |     3 |    34 |    38 ||    75
Throw: Dart              |    21 |    47 |    36 ||   104
       Stone             |       |    17 |    18 ||    35
Invok: Line Pass         |       |       |     3 ||     3
 Abil: Exsanguinate      |       |     1 |       ||     1
       End Transformatio |       |       |     1 ||     1
       Bat Form          |       |       |     1 ||     1
  Use: Scroll            |       |     6 |     8 ||    14
       Potion            |       |       |     3 ||     3
 Stab: Sleeping          |     8 |    21 |    32 ||    61
       Paralysed         |       |       |     2 ||     2
Armor: Robe              |    14 |    31 |       ||    45
       Ring mail         |       |    50 |    91 ||   141
Dodge: Dodged            |    29 |   126 |   133 ||   288

Table legend: (Time is in decaauts)
 A = Elapsed time spent in this place.
 B = Non-inter-level travel time spent in this place.
 C = Inter-level travel time spent in this place.
 D = Time resting spent in this place.
 E = Time spent auto-exploring this place.
 F = Levels seen in this place.
 G = Mean time per level.
                   A        B        C        D        E       F      G
               +--------+--------+--------+--------+--------+-----+--------+
         Total |  10094 |   9385 |    709 |   1381 |   4775 |  10 | 1009.4 |
       Dungeon |   7197 |   6507 |    690 |    649 |   3933 |   7 | 1028.1 |
        Temple |    193 |    174 |     19 |      0 |    157 |   1 |  193.0 |
         Sewer |   1664 |   1664 |      0 |    423 |    335 |   1 | 1664.0 |
       Ossuary |   1039 |   1039 |      0 |    308 |    350 |   1 | 1039.0 |
               +--------+--------+--------+--------+--------+-----+--------+

Top non-repeatable levels by time:
   Sewer: 1664 daAuts
     D:6: 1559 daAuts
     D:5: 1468 daAuts
     D:4: 1225 daAuts
 Ossuary: 1039 daAuts
     D:1: 1024 daAuts
     D:2: 929 daAuts
     D:3: 687 daAuts
     D:7: 302 daAuts
  Temple: 193 daAuts
